 Dungeon Crawl Stone Soup version 0.30.0-30-g96aa6591b8 (webtiles) character file.

Game seed: 10827066383284628326

189 booth the Conjurer (level 5, -1/38 HPs)
             Began as a Draconian Conjurer on June 29, 2023.
             Slain by a river rat (2 damage)
             ... on level 3 of the Dungeon.
             The game lasted 00:18:59 (2704 turns).

booth the Conjurer (Draconian Conjurer)             Turns: 2704, Time: 00:19:00

Health: -1/38      AC:  5    Str:  9    XL:     5   Next: 40%
Magic:  1/9        EV: 12    Int: 21    God:
Gold:   154        SH:  0    Dex:  9    Spells: 4/10 levels left

rFire   . . .        b - +0 club
rCold   . . .        (no shield)
rNeg    . . .        (body armour unavailable)
rPois   .            (helmet restricted)
rElec   .            (no cloak)
rCorr   .            (no gloves)
SInv    .            (no boots)
Will    .....        (no amulet)
Stlth   +            (no ring)
HPRegen 0.26/turn    (no ring)
MPRegen 0.11/turn

%: no passive effects
@: very slow
A: AC +5, unfitting armour, cold-blooded
a: no special abilities


You were on level 3 of the Dungeon.
You visited 1 branch of the dungeon, and saw 3 of its levels.

You collected 154 gold pieces.

Inventory:

Hand Weapons
 b - a +0 club (weapon)
 g - a +0 short sword
Missiles
 h - 3 poisoned darts (quivered)
 j - a throwing net
Scrolls
 c - 2 scrolls of identify
 k - a scroll of summoning
Potions
 a - a potion of magic
 d - a potion of heal wounds
 f - 2 potions of curing
 i - 2 potions of flight


   Skills:
 + Level 3.0 Dodging
 + Level 3.1 Stealth
 + Level 3.1 Spellcasting
 + Level 4.8 Conjurations


You had 4 spell levels left.
You knew the following spells:

 Your Spells              Type           Power      Damage    Failure   Level
a - Magic Dart            Conj           92%        1d7       1%          1
b - Searing Ray           Conj           46%        2d6       2%          2
c - Dazzling Flash        Conj/Hex       26%        N/A       14%         3

Your spell library contained the following spells:

 Spells                   Type           Power      Damage    Failure   Level
 Fulminant Prism          Conj/Hex       6%         3d7       43%         4
 Iskenderun's Mystic Bla  Conj/Tloc      13%        2d5       43%         4


Dungeon Overview and Level Annotations

Branches:
Dungeon (3/15)

Altars:
The Shining One


Innate Abilities, Weirdness & Mutations

Your plain brown scales are hard. (AC +5)
You cannot fit into any form of body armour.
You are cold-blooded and may be slowed by cold attacks.


Message History

You hit the river rat but do no damage.
Your tail-slap misses the river rat.
The river rat is severely wounded.
The river rat closely misses you. The river rat misses you.
You hit the river rat but do no damage. You tail-slap the river rat.
The river rat is almost dead.
The river rat bites you but does no damage.
The river rat barely misses you.
Your unstable footing causes you to fumble your attack.
The river rat barely misses you. The river rat completely misses you.
The river rat closely misses you. x2
Your unstable footing causes you to fumble your attack.
The river rat misses you. The river rat bites you!
Casting: Searing Ray (safe; 2% risk of failure)
Confirm with . or Enter, or press ? or * to list all spells.
Aiming: Magic Dart (safe; 1% risk of failure)
Press: ? - help, Shift-Dir - straight line, f - river rat
Aim: a river rat (almost dead, 100% to hit)
The magic dart hits the river rat but does no damage.
The river rat is almost dead.
The river rat bites you.
* * * LOW HITPOINT WARNING * * *
The river rat bites you.
* * * LOW HITPOINT WARNING * * *
Casting: Magic Dart (safe; 1% risk of failure)
Confirm with . or Enter, or press ? or * to list all spells.
Aiming: Magic Dart (safe; 1% risk of failure)
Press: ? - help, Shift-Dir - straight line, f/p - river rat
Aim: a river rat (almost dead, 100% to hit)
The magic dart hits the river rat.
You kill the river rat!
The river rat barely misses you.
Casting: Magic Dart (safe; 1% risk of failure)
Confirm with . or Enter, or press ? or * to list all spells.
You don't have enough magic to cast this spell.
The river rat bites you.
* * * LOW HITPOINT WARNING * * *
You see here a worm corpse.
Your unstable footing causes you to fumble your attack.
The river rat bites you.
You die...

## #~ #~ #~
#~#~#### #.
#~~†@r~#
#.########†#
#.~~~~~~~~~#
#.~~#~#~#####
#..~.~~~~~..#
###......~....#
.............#
....##...####
#####.###†##


You could see a river rat.

Vanquished Creatures
  Natasha (thrice) (D:2)
  3 adders (D:3)
  2 river rats (D:3)
  3 worms (D:3)
  2 dart slugs (D:2)
  6 ball pythons
  3 endoplasms
  7 giant cockroaches
  6 goblins
  3 hobgoblins (D:1)
  4 kobolds
  2 quokkas
  8 bats
  4 frilled lizards
  5 rats
61 creatures vanquished.

Vanquished Creatures (others)
  A dart slug (D:3)
1 creature vanquished.

Grand Total: 62 creatures vanquished

Notes
Turn   | Place    | Note
-------+----------+-------------------------------------------
     0 | D:1      | booth the Draconian Conjurer began the quest for the Orb.
     0 | D:1      | Reached XP level 1. HP: 14/14 MP: 3/3
   255 | D:1      | Reached XP level 2. HP: 17/20 MP: 0/5
   272 | D:1      | Learned a level 2 spell: Searing Ray
  1314 | D:2      | Reached XP level 3. HP: 23/26 MP: 6/6
  1602 | D:2      | Noticed Natasha
  1617 | D:2      | Killed Natasha
  1687 | D:2      | Reached XP level 4. HP: 33/33 MP: 7/7
  1691 | D:2      | Learned a level 3 spell: Dazzling Flash
  1772 | D:2      | Noticed Natasha
  1785 | D:2      | Killed Natasha
  1846 | D:2      | Noticed Natasha
  1932 | D:2      | Found a glowing golden altar of the Shining One.
  2191 | D:2      | Killed Natasha
  2367 | D:3      | Found a faded altar of an unknown god.
  2497 | D:3      | Reached XP level 5. HP: 38/38 MP: 3/9
  2703 | D:3      | HP: 1/38 [river rat (6)]
  2704 | D:3      | Slain by a river rat

Illustrated notes

Levels and vault maps discovered:
D:1:      dpeg_arrival_arbitrary_a, layout_loops_ring,
          chequers_serial_rivers_marsh
D:2:      layout_rooms, basic_altar, uniq_natasha
D:3:      gammafunk_wand_slinger, layout_loops_ring, lightli_sewer_entry_pipes,
          hellmonk_ecumenical_altar_heavens_door, lemuel_flame_loot_1,
          uniq_crazy_yiuf_cottage

Skill      XL: |  1  2  3  4  5 |
---------------+----------------+-----
Dodging        | 2 3 |  3.0
Stealth        | 2 3 |  3.1
Spellcasting   | 3 |  3.1
Conjurations   | |  4.8

Action                     |  1- 3 |  4- 6 || total
---------------------------+-------+-------++-------
  Melee: Club              |   110 |    49 ||   159
         Tailslap          |    15 |    10 ||    25
         Punch             |     2 |       ||     2
  Throw: Dart              |       |     3 ||     3
   Cast: Magic Dart        |    38 |    15 ||    53
         Searing Ray       |     3 |     7 ||    10
    Use: Scroll            |     5 |     4 ||     9
         Potion            |       |     1 ||     1
 Armour: Skin              |    56 |    15 ||    71
  Dodge: Dodged            |   116 |    40 ||   156
